 Dungeon Crawl Stone Soup version 0.16-a0-3394-g83d1dde (console) character file.

366 MarvinPA the Insei (level 6, -1/41 HPs)
             Began as an Octopode Transmuter on Dec 30, 2014.
             Slain by a phantom (5 damage)
             ... on level 4 of the Dungeon.
             The game lasted 00:16:10 (4372 turns).

MarvinPA the Insei (Octopode Transmuter)            Turns: 4372, Time: 00:16:10

Health: -1/41      AC:  1    Str: 10    XL:     6   Next: 68%
Magic:  3/11       EV: 13    Int: 17    God:
Gold:   148        SH:  0    Dex: 12    Spells: 3 memorised, 3 levels left

rFire  . . .     SeeInvis .     b - 41 arrows
rCold  . . .     Clarity  .     (no shield)
rNeg   . . .     SustAb   .     (helmet restricted)
rPois  .         Gourm    .     (no amulet)
rElec  .         Spirit   .     (no ring)
rCorr  .         Warding  .     (no ring)
rMut   .         Stasis   .     (no ring)
MR     .....                    (no ring)
Stlth  ++........               (no ring)
                                (no ring)
                                (no ring)
                                (no ring)

@: not resistant to hostile enchantments, unstealthy
A: almost no armour, amphibious, 8 rings, constrict 8, camouflage 1, gelatinous
body 1
a: no special abilities


You were on level 4 of the Dungeon.
You were not hungry.

You visited 1 branch of the dungeon, and saw 4 of its levels.

You collected 148 gold pieces.


Innate Abilities, Weirdness & Mutations

You cannot wear most types of armour.
You are amphibious.
You can wear up to eight rings at the same time.
You can use your tentacles to constrict many enemies at once.
Your skin changes colour to match your surroundings (Stealth).
Your rubbery body absorbs attacks (AC +1).


   Skills:
 - Level 2.8 Fighting
 + Level 3.8 Dodging
 + Level 5.2 Unarmed Combat
 - Level 2.3 Spellcasting
 - Level 2.6 Transmutations


You had 3 spell levels left.
You knew the following spells:

 Your Spells              Type           Power        Failure   Level  Hunger
x - Spider Form           Trmt/Pois      #.........   38%         3    ###....
z - Beastly Appendage     Trmt           ##....       10%         1    #......
Z - Sticks to Snakes      Trmt           ##........   12%         2    ##.....

Inventory:

Missiles
 b - 41 arrows (in tentacle)
 s - a tomahawk (quivered)
Scrolls
 c - 3 scrolls of enchant armour {unknown}
 f - a scroll of magic mapping {unknown}
 g - 2 scrolls of teleportation {unknown}
 j - 2 scrolls of immolation {unknown}
 m - 2 scrolls of remove curse {unknown}
 n - 2 scrolls of blinking {unknown}
 p - 4 scrolls of identify {unknown}
 u - a scroll of enchant weapon {unknown}
Potions
 e - a potion of lignification {unknown}
 l - a potion of poison {unknown}
 r - 2 potions of might {unknown}
 t - a potion of flight {unknown}
 v - a potion of magic {unknown}
 w - a potion of cancellation {unknown}
Books
 d - a book of Changes
 q - a book of Frost
Comestibles
 a - 3 bread rations
 h - a beef jerky
 i - 2 royal jellies
 k - 2 meat rations

Dungeon Overview and Level Annotations

Branches:
Dungeon (4/15)
 Temple: D:4-7

Altars:
Dithmenos
Trog

Shops:
D:4 %

Annotations:
D:2 exclusion: moth of wrath
D:4 yuleCrawler's ghost, average FoFi

######## #..(...#
#......# #......#
#######.S.W..######
#....£..#S.x((....#
#.######.###......#
#....(.....#
#..###.#####
#..#...# #..#)###
#..#.# #..#.#######
#..#.......# #.


You could see a phantom, a friendly adder and a friendly ball python.


Message History

You miss the phantom.
The phantom is severely damaged.
The phantom hits you!
* * * LOW HITPOINT WARNING * * *
You tentacle-slap the phantom.
The phantom is almost destroyed.
The phantom hits you.
* * * LOW HITPOINT WARNING * * *
The phantom blinks!
The phantom blinks!
b - 43 arrows (in tentacle) Cast which spell?
You create a snake!
The phantom hits your ball python!
Your ball python dies!
Cast which spell?
You create a snake!
Something bites the phantom.
The phantom blinks!
Your magical contamination has completely faded away.
What do you say? t - Shout!
Orders for allies: a - Attack new target. p - Attack previous target. r - Retreat! s - Stop attacking. w - Wait here. f - Follow me.
Anything else - Stay silent.
Gang up on whom?
Aim: a phantom (almost destroyed) Attack!
The phantom blinks!
The phantom blinks!
The phantom hits you.
You die...

Action                   |  1- 3 |  4- 6 || total
-------------------------+-------+-------++-------
Melee: Unarmed           |    81 |   203 ||   284
Throw: Tomahawk          |       |     8 ||     8
 Cast: Sticks to Snakes  |     2 |    11 ||    13
       Spider Form       |     3 |    13 ||    16
       Beastly Appendage |     1 |     1 ||     2
 Abil: End Transformatio |     1 |     2 ||     3
 Stab: Sleeping          |     5 |       ||     5
  Eat: Chunk             |     2 |    13 ||    15

Vault maps used:
D:1:      scummos_arrival_star
D:2:      nicolae_dithmenos_through_a_glass_darkly, tgw_trog
D:3:      first_bread, kennysheep_generic_room_11
D:4:      serial_shops, shop, uniq_sigmund, uniq_crazy_yiuf_cottage

Notes
Turn   | Place    | Note
--------------------------------------------------------------
     0 | D:1      | MarvinPA, the Octopode Transmuter, began the quest for the Orb.
     0 | D:1      | Reached XP level 1. HP: 13/13 MP: 3/3
    95 | D:1      | Reached XP level 2. HP: 12/18 MP: 4/4
    99 | D:1      | Learned a level 2 spell: Sticks to Snakes
   164 | D:1      | Reached skill level 2 in Fighting
   281 | D:1      | Reached XP level 3. HP: 13/24 MP: 6/6
   291 | D:1      | Learned a level 3 spell: Spider Form
  1169 | D:2      | Reached XP level 4. HP: 16/30 MP: 0/7
  1432 | D:2      | Reached skill level 4 in Unarmed Combat
  1588 | D:2      | Noticed a moth of wrath
  1692 | D:2      | Found a bloodstained altar of Trog.
  2350 | D:2      | Found a shadowy altar of Dithmenos.
  2532 | D:3      | Reached XP level 5. HP: 30/36 MP: 9/9
  3197 | D:3      | Reached skill level 3 in Dodging
  3197 | D:3      | Reached XP level 6. HP: 35/41 MP: 8/11
  3650 | D:4      | Reached skill level 5 in Unarmed Combat
  3721 | D:4      | Noticed yuleCrawler's ghost (average FoFi)
  3722 | D:4      | Found Plov Opt's Food Shoppe.
  4361 | D:4      | HP: 3/41 [phantom (6)]
  4372 | D:4      | Slain by a phantom

Vanquished Creatures
  A scorpion (D:4)
  An orc priest (D:3)
  2 orc wizards (D:3)
  3 gnolls (D:4)
  5 adders
  A worm (D:2)
  3 giant geckos
  An ooze (D:2)
  17 orcs
  11 bats
  4 giant cockroaches
  18 goblins
  12 hobgoblins
  4 jackals
  4 kobolds
  5 quokkas
  2 giant newts
  12 rats
106 creatures vanquished.

Vanquished Creatures (collateral kills)
  An orc wizard (D:3)
  A gnoll (D:1)
2 creatures vanquished.

Grand Total: 108 creatures vanquished
